 Dungeon Crawl Stone Soup version 0.27-a0-1196-g3e9cee4cb2 (webtiles) character file.

Game seed: 4943952278391976643

119538 RepHenryClay the Devastator (level 16, -4/92 HPs)
             Began as a Deep Elf Fire Elementalist on May 28, 2021.
             Was a High Priest of Vehumet.
             Succumbed to a redback's poison
             ... on level 3 of the Lair of Beasts.
             The game lasted 01:30:27 (36512 turns).

RepHenryClay the Devastator (DEFE)                 Turns: 36512, Time: 01:30:28

Health: -4/92      AC: 11    Str:  5    XL:     16   Next: 28%
Magic:  38/38      EV: 22    Int: 35    God:    Vehumet [*****.]
Gold:   198        SH:  6    Dex: 18    Spells: 10/47 levels left

rFire    + . .     SeeInvis .   a - staff of conjuration
rCold    x . .     Faith    .   P - +0 buckler
rNeg     . . .     Spirit   .   n - +0 steam dragon scales
rPois    .         Reflect  .   U - +2 helmet {Int+3}
rElec    .         Harm     .   J - scarf {repulsion}
rCorr    .         Rampage  .   C - +1 pair of gloves
Will     ++...                  x - +0 pair of boots
Stlth    ++++......             M - amulet of regeneration
HPRegen  1.25/turn              O - ring "Qintic" {Fire *Slow Int+4 Dex+3 Slay+5}
MPRegen  0.26/turn              r - ring of willpower

@: lethally poisoned (-4 -> -43), repel missiles
A: no striking features
a: Renounce Religion


You were on level 3 of the Lair of Beasts.
You worshipped Vehumet.
Vehumet was extremely pleased with you.
You visited 5 branches of the dungeon, and saw 25 of its levels.
You also visited: Ossuary and Bailey.

You collected 2314 gold pieces.
You spent 2116 gold pieces at shops.

Inventory:

Hand Weapons
 G - a +6 war axe of electrocution
Armour
 l - the +0 cloak of the Clam {Rampage rN++}
   (You bought it in a shop on level 2 of the Orcish Mines)

   It greatly protects you from negative energy.
   It bestows one free step when moving towards enemies.
 n - +0 steam dragon scales (worn)
 x - a +0 pair of boots (worn)
 C - a +1 pair of gloves (worn)
 J - a scarf of repulsion (worn)
 P - a +0 buckler (worn)
 U - a +2 helmet of intelligence (worn)
Magical Staves
 a - a staff of conjuration (weapon)
 b - a staff of cold
 I - a staff of fire
Jewellery
 c - a ring of resist corrosion
 r - a ring of willpower (right hand)
 s - a ring of flight
 v - a +6 ring of intelligence
 y - a ring of protection from fire
 D - a ring of see invisible
 H - a ring of positive energy
 M - an amulet of regeneration (around neck)
 O - the ring "Qintic" (left hand) {Fire *Slow Int+4 Dex+3 Slay+5}
   (You bought it in a shop on level 8 of the Dungeon)

   [ring of fire]

   It enhances your fire magic.
   It affects your intelligence (+4).
   It affects your dexterity (+3).
   It affects your accuracy and damage with ranged weapons and melee attacks
   (+5).
   It protects you from fire.
   It makes you vulnerable to cold.
   It may slow you when you take damage.
 R - a +6 ring of dexterity
 S - a +4 ring of protection
 T - the amulet "Joafaeg" {Reflect +Blink rN+ SH+5}
   (You acquired it on level 2 of the Orcish Mines)

   [amulet of reflection]

   It reflects blocked missile attacks.
   It protects you from negative energy.
   It lets you blink.
   It affects your SH (+5).
Wands
 g - a wand of iceblast (16)
 t - a wand of flame (117)
 B - a wand of acid (11)
 V - a wand of mindburst (27)
Scrolls
 e - 5 scrolls of fear
 i - a scroll of enchant armour
 u - 4 scrolls of enchant weapon
 w - 2 scrolls of holy word
 A - 3 scrolls of magic mapping
 K - 2 scrolls of brand weapon {unknown}
 N - 8 scrolls of teleportation
 Q - 4 scrolls of blinking
 W - 2 scrolls of fog
 X - 3 scrolls of amnesia
Potions
 f - 9 potions of flight
 h - 5 potions of heal wounds
 j - 3 potions of invisibility
 k - 9 potions of might
 m - 6 potions of curing
 o - 4 potions of brilliance
 p - 3 potions of resistance
 q - 5 potions of attraction
 z - 3 potions of magic {unknown}
 E - 6 potions of haste
 F - 4 potions of lignification
 L - a potion of mutation
 Y - a potion of cancellation
 Z - a potion of ambrosia {unknown}
Miscellaneous
 d - a lightning rod (4/4)


   Skills:
 - Level 7.2 Fighting
 - Level 4.6 Staves
 - Level 16.1 Dodging
 - Level 6.6 Stealth
 - Level 5.2 Shields
 - Level 16.0 Spellcasting
 - Level 17.5 Conjurations
 - Level 5.1 Translocations
 - Level 9.1 Fire Magic
 + Level 1.8 Poison Magic
 - Level 5.0 Evocations


You had 10 spell levels left.
You knew the following spells:

 Your Spells              Type           Power      Damage    Failure   Level
a - Fireball              Conj/Fire      67%        3d25      1%          5
b - Sticky Flame          Conj/Fire      100%       2d11      1%          4
c - Orb of Destruction    Conj           61%        9d17      1%          7
d - Mephitic Cloud        Conj/Pois/Air  83%        N/A       1%          3
e - Foxfire               Conj/Fire      100%       2x1d9     0%          1
f - Ignite Poison         Fire/Tmut/Pois 69%        N/A       1%          3
g - Stone Arrow           Conj/Erth      100%       3d13      1%          3
h - Bolt of Magma         Conj/Fire/Erth 58%        4d23      1%          5
i - Olgreb's Toxic Radia  Pois           40%        N/A       1%          4
Q - Blink                 Tloc           N/A        N/A       1%          2

Your spell library contained the following spells:

 Spells                   Type           Power      Damage    Failure   Level
 Magic Dart               Conj           100%       1d8       0%          1
 Conjure Flame            Conj/Fire      100%       6-21      0%          3
 Beastly Appendage        Tmut           56%        N/A       1%          1
 Freeze                   Ice            100%       1d11      1%          1
 Sandblast                Erth           56%        2d13      1%          1
 Sting                    Tmut/Pois      100%       1d8       1%          1
 Summon Small Mammal      Summ           100%       N/A       1%          1
 Call Imp                 Summ           28%        N/A       1%          2
 Passwall                 Tmut/Erth      23%        N/A       1%          2
 Poisonous Vapours        Pois/Air       68%        N/A       1%          2
 Slow                     Hex            28%        N/A       1%          2
 Static Discharge         Conj/Air       94%        N/A       1%          2
 Wereblood                Tmut           28%        N/A       1%          2
 Frozen Ramparts          Ice            56%        1d7       1%          3
 Inner Flame              Hex/Fire       74%        N/A       1%          3
 Hailstorm                Conj/Ice       94%        3d19      1%          4
 Irradiate                Conj/Tmut      47%        3d29      1%          5
 Lightning Bolt           Conj/Air       47%        1d67      1%          5
 Call Canine Familiar     Summ           28%        N/A       4%          3
 Ozocubu's Armour         Ice            28%        N/A       4%          3
 Summon Guardian Golem    Hex/Summ       28%        N/A       4%          3
 Freezing Cloud           Conj/Ice/Air   40%        6-21      5%          6
 Lee's Rapid Deconstruct  Erth           14%        3d10*     11%         5
 Petrify                  Tmut/Erth      28%        N/A       13%         4
 Summon Ice Beast         Ice/Summ       28%        N/A       13%         4
 Summon Lightning Spire   Summ/Air       28%        N/A       13%         4
 Metabolic Englaciation   Hex/Ice        14%        N/A       36%         5
 Ignition                 Fire           47%        3d13      45%         8
 Shatter                  Erth           14%        3d14*     100%        9
 Tornado                  Air            14%        N/A       100%        9


Dungeon Overview and Level Annotations

Branches:
Dungeon (15/15)            Temple (1/1) D:4            Lair (6/6) D:8
  Swamp (0/4) Lair:3       Spider (1/4) Lair:3        Slime (0/5) Lair:5
    Orc (2/2) D:10            Elf (0/3) Orc:2        Vaults (0/5) D:14
 Depths (0/5) D:15        Ossuary (visited)          Bailey (visited)

Altars:
Ashenzari
Dithmenos
Elyvilon
Gozag
Makhleb
Nemelex Xobeh
Okawaru
Qazlal
Ru
Sif Muna
Vehumet
Wu Jian
Xom
Yredelemnul
The Shining One
Jiyva
Lugonu

Shops:
D:8 =   D:11 =[   Orc:2 **??

Portals:
Abyss: D:8
Trove: D:12 (give +6 fire dragon scales)

Annotations:
D:10 3 runed translucent doors, rjrrt's ghost, journeyman MiBe
Lair:3 Kirke
Spider:1 Aizul


Message History

You disentangle yourself.
There is a hole to the Spider Nest here.
You climb downwards.
Welcome back to the Spider Nest!
This branch is unnaturally silent, and so sound travels much further.
This branch contains the gossamer rune of Zot.
Level annotation: Aizul; Kirke A jumping spider and an entropy weaver come into view.
The redback bites you!
You are poisoned.
The redback poisons you! The hog completely misses you.
You block the hog's attack. The tarantella closely misses you.
A jumping spider comes into view.
Kirke hits you! The redback closely misses you. The redback misses you.
The hog barely misses you. You block the hog's attack.
The tarantella bites you but does no damage.
The jumping spider leaps!
The redback barely misses you. Kirke hits you.
The jumping spider moves out of view.
There is a crawl-hole back to the Lair, spattered with blood here.
Huge Dmg: -27%(-25hp) hp: 73%(67hp)
You feel extremely sick. The tarantella barely misses you. The hog misses you.
The hog bites you. The demonic crawler hits you! The demonic crawler hits you.
The demonic crawler barely misses you. The redback bites you.
You are lethally poisoned!
The redback poisons you! You block Kirke's attack. The wolf spider hits you!
* * * LOW HITPOINT WARNING * * *
The wolf spider bites you but does no damage.
The tarantella misses you. The hog misses you. The hog barely misses you.
The demonic crawler completely misses you.
The demonic crawler closely misses you. The demonic crawler misses you.
The jumping spider hisses angrily.
You climb upwards.
Welcome back to the Lair of Beasts!
* * * LOW HITPOINT WARNING * * *
You feel extremely sick.
There is a hole to the Spider Nest here.
Huge Dmg: -66%(-61hp) hp: 7%(6hp) Blink to where?
Press: ? - help, Dir - move target
As you read the scroll of blinking, it crumbles to dust.
You die...

...........####.#..8..#.##.#......#
................##......##........#
.................##..............##
..................##...8.........##
...................##......#.....#.
....................##............#
......................##.........##
..................#....##..#.....#
.............##..@##.####........#
............###....### #.........##
..≈≈≈≈≈≈....# #...^..####........#.
≈≈≈≈≈≈≈≈≈...# ####.....##.......>.#
≈≈≈≈≈≈≈≈≈...# ##..^^^##.......#.
≈≈≈..≈≈≈≈...## ##^^^..##......##
≈≈≈.>.≈≈≈≈...# #.^.shs#......##
≈≈≈≈.≈≈≈≈≈...# ###.s§@##......#
≈≈≈≈≈≈≈≈≈...## ##.hs.#.....##


You could see a wolf spider, a hog and a redback.

Vanquished Creatures
  Frances (D:14)
  The ghost of Strat the Warrior, a journeyman DjAr of Makhleb (Orc:2)
  An orc warlord (Orc:2)
  A very ugly thing (D:10)
  Nessos (D:14)
  Azrael (D:14)
  8 hydras
  5 catoblepae
  8 vault guards (D:14)
  3 ogre magi
  Erolcha (Orc:1)
  A boulder beetle (D:12)
  3 death knights
  5 centaur warriors
  Harold (Lair:1)
  A naga warrior (Orc:2)
  12 two-headed ogres
  A tengu warrior (Orc:2)
  12 death yaks
  An orc high priest (Orc:2)
  A deep elf knight (Orc:2)
  6 skeletal warriors
  2 deep trolls (Orc:2)
  A glowing orange brain (D:10)
  A phantasmal warrior (D:15)
  A deep elf pyromancer (D:15)
  3 wizards (D:15)
  2 wolf spiders (Lair:3)
  A necromancer (D:15)
  An orc knight (Bailey)
  13 ugly things
  2 orc sorcerers (Orc:1)
  5 cyclopes
  5 manticores
  3 black mambas
  A naga mage (D:15)
  Maurice (D:13)
  16 elephants
  2 gargoyles
  15 cane toads
  2 torpor snails
  2 kobold demonologists (D:8)
  A rime drake (Lair:4)
  12 komodo dragons
  A yaktaur (shapeshifter) (D:15)
  An unseen horror (D:12)
  4 freezing wraiths (D:15)
  2 efreet
  3 meliai (D:15)
  15 trolls
  16 blink frogs
  A jumping spider (Lair:3)
  3 polar bears
  3 dream sheep (Lair:6)
  A centaur simulacrum (D:15)
  4 redbacks (Lair:3)
  A yak (shapeshifter) (D:14)
  5 wyverns
  3 shadows
  3 wraiths
  4 basilisks
  3 hogs
  54 yaks
  4 fire elementals (D:14)
  A steam dragon (D:6)
  3 wargs
  A vampire mosquito (D:5)
  Menkaure (D:5)
  A swamp worm (shapeshifter) (D:14)
  Edmund (D:6)
  A hell hound (D:14)
  12 water moccasins
  2 sky beasts
  A black bear (D:6)
  34 orc warriors
  2 necrophages
  24 ogres
  6 centaurs
  13 wolves
  4 kobold brigands
  A phantom (D:5)
  11 bullfrogs
  11 scorpions
  2 gnoll sergeants
  A wyvern skeleton (D:5)
  A water moccasin skeleton (D:4)
  5 wights (D:9)
  11 killer bees
  3 vampire bats (Lair:5)
  2 jellies
  6 electric eels (D:13)
  7 howler monkeys
  7 centaur zombies
  2 human zombies (Ossuary)
  2 hounds
  15 orc priests
  Crazy Yiuf (D:5)
  A bullfrog skeleton (D:6)
  A centaur skeleton (D:6)
  5 scorpion zombies (Ossuary)
  6 iguanas
  16 orc wizards
  A killer bee zombie (D:8)
  4 mummies
  A howler monkey zombie (D:9)
  9 adders
  12 gnolls
  A white imp (D:8)
  2 ufetubi
  2 adder skeletons (D:4)
  4 worms
  2 dart slugs
  63 orcs
  9 bats
  8 endoplasms
  7 hobgoblins
  4 jackals
  2 quokkas
  9 ball pythons
  3 frilled lizards
  4 gnoll zombies (Ossuary)
  6 goblins
  2 goblin zombies (Ossuary)
  2 hobgoblin zombies (Ossuary)
  12 kobolds
  2 kobold zombies (Ossuary)
  2 orc zombies (Ossuary)
  6 rats
701 creatures vanquished.

Vanquished Creatures (collateral kills)
  5 foxfires (Lair:1)
5 creatures vanquished.

Vanquished Creatures (others)
  A human zombie (Ossuary)
  2 jackals (D:4)
  1174 foxfires
  27 fungi
  80 plants
1284 creatures vanquished.

Grand Total: 1990 creatures vanquished

Notes
Turn   | Place    | Note
-------+----------+-------------------------------------------
     0 | D:1      | RepHenryClay the Deep Elf Fire Elementalist began the quest
                  | for the Orb.
     0 | D:1      | Reached XP level 1. HP: 10/10 MP: 6/6
    61 | D:1      | Reached skill level 2 in Conjurations
   158 | D:1      | Reached XP level 2. HP: 15/15 MP: 6/8
   721 | D:1      | Reached skill level 3 in Conjurations
   985 | D:1      | Found a faded altar of an unknown god.
  1380 | D:2      | Reached XP level 3. HP: 7/19 MP: 2/9
  1580 | D:2      | Reached skill level 4 in Conjurations
  1733 | D:2      | Reached XP level 4. HP: 24/24 MP: 6/10
  2764 | D:3      | Reached XP level 5. HP: 28/28 MP: 6/11
  2926 | D:3      | Reached skill level 5 in Conjurations
  3630 | D:3      | Learned a level 4 spell: Sticky Flame
  3634 | D:3      | Learned a level 3 spell: Conjure Flame
  3877 | D:4      | Noticed an ogre
  3884 | D:4      | Killed an ogre
  3885 | D:4      | Reached skill level 5 in Fire Magic
  3885 | D:4      | Reached XP level 6. HP: 29/32 MP: 5/12
  3919 | D:4      | Reached skill level 9 in Conjurations
  3919 | D:4      | Reached XP level 7. HP: 36/36 MP: 3/13
  4867 | D:4      | Found a shimmering altar of Xom.
  4867 | D:4      | Found a shimmering altar of Xom.
  4867 | D:4      | Found a shimmering altar of Xom.
  4868 | D:4      | Found a shimmering altar of Xom.
  4868 | D:4      | Found a shimmering altar of Xom.
  4872 | D:4      | Found a shimmering altar of Xom.
  4872 | D:4      | Found a shimmering altar of Xom.
  5258 | D:4      | Identified the Volume of Mutagenic Clay
  5396 | D:4      | Found a staircase to the Ecumenical Temple.
  5405 | Temple   | Entered the Ecumenical Temple
  5419 | Temple   | Became a worshipper of Vehumet
  5511 | D:5      | Entered Level 5 of the Dungeon
  5523 | D:5      | Learned a level 2 spell: Blink
  5527 | D:5      | Learned a level 3 spell: Mephitic Cloud
  5532 | D:5      | Noticed a vampire mosquito
  5539 | D:5      | Killed a vampire mosquito
  5540 | D:5      | Reached XP level 8. HP: 41/41 MP: 8/17
  5779 | D:5      | Noticed Menkaure
  5785 | D:5      | Killed Menkaure
  5786 | D:5      | Reached skill level 5 in Spellcasting
  5992 | D:5      | Learned a level 5 spell: Fireball
  6013 | D:5      | Found a runed translucent door.
  6014 | D:5      | Noticed Crazy Yiuf
  6636 | D:5      | Killed Crazy Yiuf
  7207 | D:6      | Reached XP level 9. HP: 45/45 MP: 14/22
  7655 | D:6      | Noticed Edmund
  7676 | D:6      | Killed Edmund
  8283 | D:7      | Reached * piety under Vehumet
  8283 | D:7      | Offered knowledge of Shock by Vehumet.
  8409 | D:7      | Reached skill level 1 in Fighting
  8597 | D:7      | Found an opulent altar of Gozag.
  8670 | D:7      | Found a sacrificial altar of Ru.
  9125 | D:8      | Reached ** piety under Vehumet
  9125 | D:8      | Offered knowledge of Static Discharge by Vehumet.
  9134 | D:8      | Found a one-way gate to the infinite horrors of the Abyss.
  9134 | D:8      | Noticed a kobold demonologist
  9134 | D:8      | Noticed a brown ugly thing
  9161 | D:8      | Found a large runed translucent door.
  9162 | D:8      | Found a large runed translucent door.
  9188 | D:8      | Found a sand-covered staircase.
  9243 | Ossuary  | Entered an ossuary
  9568 | Ossuary  | Reached XP level 10. HP: 53/53 MP: 21/25
  9712 | Ossuary  | Offered knowledge of Ignite Poison by Vehumet.
  9719 | Ossuary  | Learned a level 3 spell: Ignite Poison
  9989 | Ossuary  | Reached skill level 10 in Conjurations
 10299 | D:8      | Found Viamaf's Jewellery Shoppe.
 10316 | D:8      | Found a corrupted altar of Lugonu.
 10347 | D:8      | Reached *** piety under Vehumet
 10608 | D:8      | Reached skill level 10 in Dodging
 10699 | D:8      | Found a staircase to the Lair.
 10771 | D:8      | Found a burning altar of Makhleb.
 11385 | D:9      | Reached skill level 1 in Shields
 11432 | D:9      | Offered knowledge of Stone Arrow by Vehumet.
 11439 | D:9      | Learned a level 3 spell: Stone Arrow
 12169 | D:10     | Entered Level 10 of the Dungeon
 12169 | D:10     | Found a runed translucent gate.
 12169 | D:10     | Found a runed translucent gate.
 12169 | D:10     | Found a runed translucent gate.
 12169 | D:10     | Noticed a purple ugly thing
 12169 | D:10     | Noticed a brown ugly thing
 12173 | D:10     | Noticed a purple ugly thing
 12176 | D:10     | Noticed a red very ugly thing
 12176 | D:10     | Noticed a red ugly thing
 12177 | D:10     | Noticed a glowing orange brain
 12181 | D:10     | Noticed a brown ugly thing
 12209 | D:10     | Noticed a gargoyle
 12212 | D:10     | Killed a gargoyle
 12341 | D:10     | Reached XP level 11. HP: 60/60 MP: 9/26
 12449 | D:10     | Found a broken altar of Ashenzari.
 12661 | D:10     | Found a staircase to the Orcish Mines.
 12765 | D:10     | Found a basalt altar of Yredelemnul.
 12799 | D:10     | Reached skill level 5 in Shields
 13570 | D:11     | Reached skill level 11 in Conjurations
 13660 | D:11     | Noticed an eight-headed hydra
 13691 | D:11     | Killed an eight-headed hydra
 13808 | D:11     | Reached **** piety under Vehumet
 13919 | D:11     | Found Qiqasifu's Jewellery Boutique.
 14054 | D:11     | Noticed a two-headed ogre
 14068 | D:11     | Killed a two-headed ogre
 14069 | D:11     | Reached skill level 12 in Conjurations
 14202 | D:11     | Found Zeuggoc's Antique Armour Shop.
 14211 | D:11     | Bought a glowing helmet for 255 gold pieces
 14667 | D:12     | Found a portal to a secret trove of treasure.
 14762 | Orc:1    | Entered Level 1 of the Orcish Mines
 14903 | Orc:1    | Noticed Erolcha
 14992 | Orc:1    | Killed Erolcha
 14992 | Orc:1    | Offered knowledge of Lightning Bolt by Vehumet.
 15431 | Orc:1    | Noticed an orc sorcerer
 15435 | Orc:1    | Killed an orc sorcerer
 15436 | Orc:1    | Reached skill level 13 in Conjurations
 15570 | Orc:2    | Entered Level 2 of the Orcish Mines
 15573 | Orc:2    | Found a runed translucent gate.
 15573 | Orc:2    | Found a runed translucent gate.
 15573 | Orc:2    | Found an iron altar of Okawaru.
 15573 | Orc:2    | Found a runed translucent gate.
 15573 | Orc:2    | Noticed a centaur warrior
 15573 | Orc:2    | Noticed a tengu warrior
 15573 | Orc:2    | Noticed Strat's ghost (journeyman DjAr)
 15573 | Orc:2    | Noticed a centaur warrior
 15573 | Orc:2    | Noticed a naga warrior
 15575 | Orc:2    | Noticed a deep elf knight
 15944 | Orc:2    | Noticed an ogre mage
 15947 | Orc:2    | Noticed a two-headed ogre
 15950 | Orc:2    | Killed an ogre mage
 15951 | Orc:2    | Killed a two-headed ogre
 15952 | Orc:2    | Reached XP level 12. HP: 64/64 MP: 11/27
 16238 | Orc:2    | Noticed a two-headed ogre
 16361 | Orc:2    | Reached skill level 14 in Conjurations
 16363 | Orc:2    | Killed a two-headed ogre
 16620 | Orc:2    | Reached ***** piety under Vehumet
 16736 | Orc:2    | Noticed an ogre mage
 16738 | Orc:2    | Noticed an orc high priest
 16739 | Orc:2    | Killed an ogre mage
 16740 | Orc:2    | Reached skill level 15 in Conjurations
 16742 | Orc:2    | Noticed a two-headed ogre
 16750 | Orc:1    | Offered knowledge of Fulminant Prism by Vehumet.
 16865 | Orc:2    | Killed a two-headed ogre
 16868 | Orc:2    | Killed an orc high priest
 16984 | Orc:2    | Noticed a two-headed ogre
 16992 | Orc:1    | Killed a two-headed ogre
 17323 | Orc:2    | Reached skill level 16 in Conjurations
 17431 | Orc:2    | Noticed a two-headed ogre
 17444 | Orc:2    | Killed a two-headed ogre
 17504 | Orc:2    | Found a staircase to the Elven Halls.
 17614 | Orc:2    | Noticed an orc warlord
 17616 | Orc:2    | Noticed a two-headed ogre
 17630 | Orc:2    | Killed a two-headed ogre
 17631 | Orc:2    | Killed an orc warlord
 17632 | Orc:2    | Reached XP level 13. HP: 68/68 MP: 9/28
 18155 | Orc:2    | Found Disch's Assorted Antiques.
 18157 | Orc:2    | Found Esiat's Magic Scroll Shoppe.
 18172 | Orc:2    | Reached skill level 17 in Conjurations
 18213 | Orc:2    | Found Heekulin's Assorted Antiques.
 18214 | Orc:2    | Found Bekell's Magic Scroll Boutique.
 18650 | Orc:2    | Bought a heavily runed cloak for 237 gold pieces
 18650 | Orc:2    | Identified the +0 cloak of the Clam {Rampage rN++} (You
                  | bought it in a shop on level 2 of the Orcish Mines)
 18675 | Orc:2    | Bought a scroll of acquirement for 520 gold pieces
 18682 | Orc:2    | Bought an embroidered scarf for 200 gold pieces
 18699 | Orc:2    | Bought a scroll of teleportation for 51 gold pieces
 18699 | Orc:2    | Bought a scroll of identify for 34 gold pieces
 19030 | Orc:2    | Bought a scroll of identify for 34 gold pieces
 19030 | Orc:2    | Bought a scroll of teleportation for 51 gold pieces
 19030 | Orc:2    | Bought a scroll of teleportation for 51 gold pieces
 19187 | Lair:1   | Entered Level 1 of the Lair of Beasts
 19700 | Lair:1   | Noticed Harold
 19726 | Lair:1   | Killed Harold
 20508 | Lair:2   | Reached skill level 10 in Spellcasting
 20794 | Lair:2   | Offered knowledge of Yara's Violent Unravelling by Vehumet.
 21471 | Lair:2   | Reached skill level 1 in Translocations
 21580 | Lair:3   | Found a staircase to the Swamp.
 22050 | Lair:3   | Reached skill level 5 in Translocations
 22182 | Lair:3   | Reached skill level 5 in Fighting
 22773 | Lair:3   | Reached XP level 14. HP: 78/78 MP: 12/31
 23592 | Lair:3   | Found a hole to the Spider Nest.
 24853 | Lair:4   | Offered knowledge of Orb of Destruction by Vehumet.
 24888 | Lair:3   | Learned a level 7 spell: Orb of Destruction
 25669 | Lair:5   | Found a staircase to the Slime Pits.
 25670 | Lair:5   | Found a viscous altar of Jiyva.
 26701 | Lair:6   | Entered Level 6 of the Lair of Beasts
 28198 | Lair:6   | Offered knowledge of Conjure Ball Lightning by Vehumet.
 28370 | Lair:6   | Reached XP level 15. HP: 86/86 MP: 19/34
 28543 | Lair:6   | Identified the +2 robe "Poxeotav" {Str+3}
 29610 | D:13     | Noticed Maurice
 29612 | D:13     | Killed Maurice
 29663 | D:13     | Found a flagged portal.
 29672 | Bailey   | Entered a bailey
 31348 | D:13     | Found an ornate altar of the Wu Jian Council.
 32042 | D:8      | Bought the ring "Qintic" {Fire *Slow Int+4 Dex+3 Slay+5}
                  | for 683 gold pieces
 32044 | D:8      | Acquired the amulet "Joafaeg" {Reflect +Blink rN+ SH+5}
 32046 | D:8      | Acquired a book of the Tempests
 32048 | D:8      | Acquired a staff of fire
 32422 | D:10     | Reached skill level 15 in Spellcasting
 32501 | D:10     | Found a runed translucent gate.
 32501 | D:10     | Found a runed translucent gate.
 32504 | D:10     | Found a runed translucent gate.
 32507 | D:10     | Noticed rjrrt's ghost (journeyman MiBe)
 32606 | Orc:2    | Killed Strat's ghost
 32606 | Orc:2    | Offered knowledge of Bolt of Magma by Vehumet.
 32607 | Orc:2    | Reached skill level 15 in Dodging
 32818 | D:14     | Noticed Frances
 32821 | D:14     | Killed Frances
 32947 | D:14     | Found a gate to the Vaults.
 33642 | D:14     | Noticed Azrael
 33650 | D:14     | Killed Azrael
 34052 | D:14     | Noticed Nessos
 34056 | D:14     | Killed Nessos
 34147 | D:14     | Found a sparkling altar of Nemelex Xobeh.
 34481 | D:15     | Entered Level 15 of the Dungeon
 34696 | D:15     | Reached skill level 1 in Evocations
 34703 | D:15     | Reached skill level 1 in Staves
 34731 | D:14     | Reached XP level 16. HP: 76/92 MP: 19/38
 35582 | D:15     | Found a staircase to the Depths.
 35758 | D:15     | Reached skill level 5 in Evocations
 36107 | D:15     | Learned a level 5 spell: Bolt of Magma
 36112 | D:15     | Learned a level 4 spell: Olgreb's Toxic Radiance
 36425 | Spider:1 | Entered Level 1 of the Spider Nest
 36425 | Spider:1 | Noticed Kirke
 36427 | Spider:1 | Noticed Aizul
 36434 | Lair:3   | Reached skill level 1 in Poison Magic
 36512 | Lair:3   | Succumbed to a redback's poison

Illustrated notes

Levels and vault maps discovered:
D:1:      dpeg_arrival_arbitrary_c, layout_basic,
          shapermc_ecumenical_altar_mp_urbaneastern, minmay_shallow_snake_nest
D:2:      layout_loops_ring
D:3:      layout_basic
D:4:      layout_basic, xom_redecorated, lemuel_temple_firewalk_a,
          cheibrodos_sewer_entry_bend, minmay_cut_off
D:5:      cheibrodos_helix_gallery, layout_basic, uniq_menkaure,
          uniq_crazy_yiuf_cottage
D:6:      layout_loops_corners, uniq_edmund
D:7:      layout_cave_pools, nicolae_gozag_seed_capital, kennysheep_mini
D:8:      due_chaos_kobolds, layout_basic, overflow_temple_1_default,
          david_lair_shrubbed, gup_ossuary_entry_pyramid, serial_shops, shop
D:9:      layout_irregular_city, minmay_misc_feat_four_crosses
D:10:     layout_stronghold, evilmike_ruin_ashenzari, marbit_many_paths,
          orc_0_dummy, ploomutoo_gammafunk_ghost_potion_laboratory,
          ebering_dispersal_statue_hall, patterned_corridor
D:11:     layout_loops_ring, serial_shops, shop, nicolae_shop_trees
D:12:     layout_gridville, nicolae_trove_entry_columns
D:13:     layout_basic, enter_bailey_2, nzn_wu_jian_contemplation, uniq_maurice
D:14:     layout_irregular_city, erik_vaults_2, nemelex_spade_bored_becter,
          uniq_nessos, uniq_frances, uniq_azrael
D:15:     grunt_enter_depths_magical_seal, layout_cave_pools
Temple:   eino_temple_rhombus
Lair:1:   layout_loops_ring, st_stairs_11, uniq_harold
Lair:2:   layout_big_grid
Lair:3:   layout_big_grid, minmay_swamp_entry_reptiles,
          spider_nest_entry_funnel_web, grunt_megastairs_3, lemuel_fruit_tree,
          infiniplex_staircase_pool_2
Lair:4:   layout_misc_corridors, nzn_random_ring
Lair:5:   layout_misc_corridors, slime_altar_1, roderic_batcave,
          serial_bayou_shore_a
Lair:6:   evilmike_catoblepas_cave, layout_misc_corridors
Spider:1: layout_spider_delve, nicolae_spider_paper_wasps, uniq_kirke,
          uniq_rupert, uniq_aizul, uniq_josephine
Orc:1:    layout_diamond_mine, uniq_erolcha
Orc:2:    st_orc_open, layout_diamond_mine, gammafunk_ghost_fury_of_okawaru

Skill      XL: |  1  2  3  4  5  6  7  8  9 10 11 12 13 14 15 16 |
---------------+-------------------------------------------------+-----
Conjurations   | 2 3 4 5 9 10 13 16 17 | 17.5
Fire Magic     | 4 5 9 |  9.1
Dodging        | 8 9 10 11 13 16 | 16.1
Stealth        | 6 |  6.6
Spellcasting   | 4 7 9 11 13 16 | 16.0
Fighting       | 2 3 5 7 |  7.2
Shields        | 4 5 |  5.2
Translocations | 5 |  5.1
Evocations     | 1 5 |  5.0
Staves         | 1 4 |  4.6
Poison Magic   | 1 |  1.8

Action                   |  1- 3 |  4- 6 |  7- 9 | 10-12 | 13-15 | 16-18 || total
-------------------------+-------+-------+-------+-------+-------+-------++-------
Melee: Whip              |       |       |     1 |       |       |       ||     1
       Hand axe          |       |       |       |     1 |       |       ||     1
       Staff             |       |       |       |     1 |    17 |       ||    18
 Cast: Foxfire           |    70 |    82 |   253 |   221 |    71 |       ||   697
       Sticky Flame      |       |     1 |    31 |    35 |    75 |       ||   142
       Conjure Flame     |       |       |     1 |     6 |       |       ||     7
       Fireball          |       |       |    12 |   116 |   322 |     2 ||   452
       Mephitic Cloud    |       |       |     1 |     6 |     6 |       ||    13
       Stone Arrow       |       |       |       |    28 |    44 |    13 ||    85
       Ignite Poison     |       |       |       |     1 |     1 |       ||     2
       Blink             |       |       |       |       |     8 |     2 ||    10
       Orb of Destructio |       |       |       |       |    55 |    31 ||    86
       Bolt of Magma     |       |       |       |       |       |     3 ||     3
       Olgreb's Toxic Ra |       |       |       |       |       |     2 ||     2
Evoke: Wand              |       |       |       |     7 |     6 |       ||    13
       Lightning rod     |       |       |       |       |     4 |       ||     4
  Use: Potion            |     1 |     1 |     2 |       |     1 |       ||     5
       Scroll            |       |     7 |     7 |     8 |    11 |     1 ||    34
Armor: Robe              |     2 |     2 |     2 |       |       |       ||     6
       Steam dragon scal |       |       |    16 |    17 |    40 |     7 ||    80
Dodge: Dodged            |     9 |    18 |    45 |    72 |   209 |    44 ||   397
       Repelled          |       |       |       |       |     6 |       ||     6
Block: Buckler           |       |       |       |    24 |    63 |    10 ||    97

Table legend: (Time is in decaauts)
 A = Elapsed time spent in this place.
 B = Non-inter-level travel time spent in this place.
 C = Inter-level travel time spent in this place.
 D = Time resting spent in this place.
 E = Time spent auto-exploring this place.
 F = Levels seen in this place.
 G = Mean time per level.
                   A        B        C        D        E       F      G
               +--------+--------+--------+--------+--------+-----+--------+
         Total |  36739 |  33735 |   3004 |   9795 |  18753 |  27 | 1360.7 |
       Dungeon |  21506 |  19406 |   2100 |   4358 |  12472 |  15 | 1433.7 |
        Temple |     25 |     14 |     11 |      0 |      5 |   1 |   25.0 |
          Lair |   9623 |   8999 |    624 |   3175 |   4515 |   6 | 1603.8 |
   Spider Nest |      6 |      6 |      0 |      0 |      0 |   1 |    6.0 |
  Orcish Mines |   3973 |   3705 |    268 |   1720 |   1266 |   2 | 1986.5 |
       Ossuary |    764 |    764 |      0 |    240 |    293 |   1 |  764.0 |
        Bailey |    839 |    839 |      0 |    302 |    201 |   1 |  839.0 |
               +--------+--------+--------+--------+--------+-----+--------+

Top non-repeatable levels by time:
   Orc:1: 2277 daAuts
  Lair:2: 2087 daAuts
    D:10: 2066 daAuts
     D:8: 1998 daAuts
    D:13: 1931 daAuts
  Lair:3: 1908 daAuts
    D:14: 1790 daAuts
   Orc:2: 1696 daAuts
     D:6: 1613 daAuts
  Lair:6: 1588 daAuts
     D:4: 1553 daAuts
     D:3: 1537 daAuts
  Lair:5: 1449 daAuts
     D:1: 1425 daAuts
    D:11: 1409 daAuts
